 Dungeon Crawl Stone Soup version 0.27.0-1-g7a089689b8 (webtiles) character file.

Game seed: 1743277096199143160

25 HungrySpirit the Vexing (level 3, 0/27 HPs)
             Began as a Human Arcane Marksman on July 31, 2021.
             Slain by Terence (5 damage)
             ... on level 2 of the Dungeon.
             The game lasted 00:01:33 (981 turns).

HungrySpirit the Vexing (Human Arcane Marksman)      Turns: 981, Time: 00:01:33

Health: 0/27       AC:  2    Str: 11    XL:     3   Next: 17%
Magic:  4/4        EV: 12    Int: 13    God:
Gold:   53         SH:  0    Dex: 13    Spells: 3/4 levels left

rFire    . . .     SeeInvis .   j - +0 short sword
rCold    . . .     Faith    .   (no shield)
rNeg     . . .     Spirit   .   d - +0 robe
rPois    .         Reflect  .   (no helmet)
rElec    .         Harm     .   (no cloak)
rCorr    .         Rampage  .   (no gloves)
Will     .....                  (no boots)
Stlth    +.........             g - amulet of magic regeneration
HPRegen  0.09/turn              (no ring)
MPRegen  0.34/turn              (no ring)

@: no status effects
A: no striking features
a: no special abilities


You were on level 2 of the Dungeon.
You visited 1 branch of the dungeon, and saw 2 of its levels.

You collected 53 gold pieces.

Inventory:

Hand Weapons
 a - a +0 shortbow
 j - a +0 short sword (weapon)
Missiles
 b - a throwing net
 c - 4 arrows
 e - 2 atropa-tipped darts
 h - 6 poisoned darts
Armour
 d - a +0 robe (worn)
Jewellery
 g - an amulet of magic regeneration (around neck)
Scrolls
 f - a scroll of amnesia {unknown}
 i - 2 scrolls of identify {unknown}
 k - a scroll of teleportation {unknown}


   Skills:
 + Level 2.0 Fighting
 * Level 0.5 Short Blades
 - Level 2.0 Bows
 + Level 1.5 Armour
 - Level 2.0 Dodging
 - Level 1.0 Spellcasting
 - Level 3.0 Hexes


You had 3 spell levels left.
You knew the following spells:

 Your Spells              Type           Power      Damage    Failure   Level
a - Corona                Hex            8%         N/A       9%          1

Your spell library contained the following spells:

 Spells                   Type           Power      Damage    Failure   Level
 Slow                     Hex            8%         N/A       12%         2
 Static Discharge         Conj/Air       0%         N/A       38%         2
 Inner Flame              Hex/Fire       4%         N/A       41%         3
 Portal Projectile        Hex/Tloc       8%         N/A       41%         3
 Cause Fear               Hex            4%         N/A       63%         4
 Dispel Undead            Necr           0%         3d6       95%         4
 Sticky Flame             Conj/Fire      0%         2d3       95%         4


Dungeon Overview and Level Annotations

Branches:
Dungeon (2/15)

Altars:

Annotations:
D:2 1 runed translucent door, Crazy Yiuf, Terence


Message History

No target in view!
There is a stone staircase leading down here.
Found a mace.
Found a mace.
You see here a +0 club.
Found a mace.
Found a runed translucent door.
You see here a +0 mace.
You open the door.
Terence the Incautious comes into view.
He is wielding a +1 mace of protection and wearing a +3 chain mail of positive energy.
Terence shouts!
Found a stone staircase leading down.
Terence is nearby!
You shoot an arrow. The arrow completely misses Terence.
You shoot an arrow.
The arrow hits Terence but does no damage.
You shoot an arrow.
The arrow hits Terence but does no damage.
You shoot an arrow. The arrow hits Terence.
Terence is lightly wounded.
j - a +0 short sword (weapon)
You closely miss Terence.
Terence is lightly wounded.
Terence hits you with a +1 mace of protection.
You hit Terence but do no damage.
Terence is lightly wounded.
Terence hits you with a +1 mace of protection!
You hit Terence but do no damage.
Terence is lightly wounded.
Terence says, "Did you write a will?
You should..."
Terence hits you with a +1 mace of protection!
* * * LOW HITPOINT WARNING * * *
You are too injured to fight recklessly!
You barely miss Terence.
Terence is lightly wounded.
Terence misses you.
You aren't carrying any potions.
You barely miss Terence.
Terence is lightly wounded.
Terence hits you with a +1 mace of protection.
You die...

#####..#####
#####.###).)##.#
#...>..##..###.##
#.###..##.###...## #.#
#....).......###.#
###.###.#####...........
.........# #....####
###.####.# ####.#
#.####.# #@# #....#.#
#@# #.##.#.# ...
#.##.#.# ..... #.##.#.#
...(...
###......###....>(...
....<......+.........+
#####...####.....(...#
#..##


You could see Terence.

Vanquished Creatures
  A dart slug (D:1)
  3 bats (D:1)
  4 endoplasms (D:1)
  2 goblins
  A hobgoblin (D:1)
  A quokka (D:1)
  3 ball pythons (D:1)
  2 frilled lizards (D:1)
  2 kobolds (D:1)
  3 rats (D:1)
22 creatures vanquished.

Notes
Turn   | Place    | Note
-------+----------+-------------------------------------------
     0 | D:1      | HungrySpirit the Human Arcane Marksman began the quest for
                  | the Orb.
     0 | D:1      | Reached XP level 1. HP: 15/15 MP: 2/2
   286 | D:1      | Reached XP level 2. HP: 21/21 MP: 3/3
   309 | D:1      | Reached skill level 1 in Armour
   720 | D:1      | Reached XP level 3. HP: 23/27 MP: 4/4
   764 | D:1      | Found a faded altar of an unknown god.
   948 | D:2      | Found a runed translucent door.
   949 | D:2      | Noticed Crazy Yiuf
   971 | D:2      | Noticed Terence
   981 | D:2      | Slain by Terence

Illustrated notes

Levels and vault maps discovered:
D:1:      lightli_arrival_noodles, layout_rooms,
          shapermc_ecumenical_altar_totnotflames
D:2:      layout_loops_corners, uniq_terence, uniq_crazy_yiuf_cottage

Skill      XL: |  1  2 |
---------------+-------+-----
Armour         | 1 |  1.5
Fighting       | 2 |  2.0
Short Blades   | |  0.5
Bows           | |  2.0
Dodging        | |  2.0
Spellcasting   | |  1.0
Hexes          | |  3.0

Action                   || total
-------------------------++-------
Melee: Short sword       ||     5
 Fire: Shortbow          ||    53
Armor: Robe              ||    10
Dodge: Dodged            ||    21
